 Dungeon Sprint DCSS version 0.30.1-11-g7821555f0a (webtiles) character file.

Game seed: 5554413596198913876

2998 GreatBamboolord the Geomancer (level 9, -1/57 HPs)
             Began as a Gargoyle Earth Elementalist on Jan 13, 2024.
             Was the Champion of Vehumet.
             Slain by an ogre
             ... wielding a +0 giant spiked club
              (4 damage)
             ... in the Dungeon (Sprint V: "Ziggurat Sprint").
             The game lasted 00:08:05 (982 turns).

GreatBamboolord the Geomancer (GrEE)                 Turns: 982, Time: 00:08:06

Health: -1/57      AC: 12    Str: 12    XL:     9   Next: 84%
Magic:  11/28      EV: 12    Int: 38    God:    Vehumet [******]
Gold:   0          SH: 12    Dex: 10    Spells: 19/27 levels left

rFire   . . .        a - +6 Majin-Bo {spellvamp, MP+6 Int+6}
rCold   . . .        B - +3 kite shield
rNeg    + . .        J - +2 robe {Will+}
rPois   ∞            (no helmet)
rElec   +            K - +1 cloak {Stlth+}
rCorr   .            (no gloves)
SInv    .            (no boots)
Will    +....        r - amulet of magic regeneration
Stlth   +++          u - +6 ring of intelligence
HPRegen 0.29/turn    v - +6 ring of intelligence
MPRegen 0.61/turn

%: no teleportation
@: no status effects
A: sickness immunity, AC +6, negative energy resistance 1, electricity
resistance, torment resistance 1, petrification resistance
a: Renounce Religion


You were in the Dungeon.
You worshipped Vehumet.
Vehumet was exalted by your worship.
You visited 1 branch

Inventory:

Hand Weapons
 a - the +6 Majin-Bo (weapon) {spellvamp, MP+6 Int+6}
   (You found it in the Dungeon)

   Int:       It affects your intelligence (+6).
   MP:        It affects your magic capacity (+6).
 b - the +8 lance "Wyrmbane" {slay drac, rPois rF+ rC+ AC+3}
   (You found it in the Dungeon)

   AC:        It affects your AC (+3).
   rF:        It protects you from fire.
   rC:        It protects you from cold.
   rPois:     It protects you from poison.
 k - the +8 mithril axe "Arga" {speed, Will+}
   (You found it in the Dungeon)

   Will:      It increases your willpower.
Armour
 A - a +3 buckler
 B - a +3 kite shield (worn)
 C - a +3 tower shield
 D - +5 storm dragon scales
 J - a +2 robe of willpower (worn)
 K - a +1 cloak of stealth (worn)
Magical Staves
 w - the staff of fire "Reysm" {rElec rF+ rC- rN++ rCorr}
   (You found it in the Dungeon)

   [staff of fire]

   Base accuracy: +5 Base damage: 5 Base attack delay: 1.2 This weapon's minimum
   attack delay (0.6) is reached at skill level 12.
   rF:        It protects you from fire.
   rC:        It makes you vulnerable to cold.
   rElec:     It insulates you from electricity.
   rN:        It greatly protects you from negative energy.
   rCorr:     It protects you from acid and corrosion.
   It falls into the 'Staves' category.
   It is a one-handed weapon.
 G - the staff of conjuration "Qauch" {rElec rCorr Stlth-}
   (You found it in the Dungeon)

   [staff of conjuration]

   Base accuracy: +5 Base damage: 5 Base attack delay: 1.2 This weapon's minimum
   attack delay (0.6) is reached at skill level 12.
   rElec:     It insulates you from electricity.
   rCorr:     It protects you from acid and corrosion.
   Stlth:     It makes you less stealthy.
   It falls into the 'Staves' category.
   It is a one-handed weapon.
Jewellery
 o - the ring "Ciyxase" {Fire Will- Str+4 Dex+4}
   (You found it in the Dungeon)

   [ring of fire]

   It enhances your fire magic.
   Str:       It affects your strength (+4).
   Dex:       It affects your dexterity (+4).
   rF:        It protects you from fire.
   rC:        It makes you vulnerable to cold.
   Will:      It decreases your willpower.
 r - an amulet of magic regeneration (around neck)
 t - a +6 ring of dexterity
 u - a +6 ring of intelligence (left hand)
 v - a +6 ring of intelligence (right hand)
 x - a +6 ring of strength
Wands
 q - a wand of charming (11)
 y - a wand of mindburst (7)
 z - a wand of acid (19)
 E - a wand of polymorph (10)
 H - a wand of flame (8)
 I - a wand of roots (3)
Scrolls
 g - 3 scrolls of blinking
 m - 4 scrolls of amnesia
 n - 7 scrolls of fog
 p - 2 scrolls of fear
Potions
 c - 10 potions of curing
 d - 7 potions of heal wounds
 e - 6 potions of haste
 f - 4 potions of berserk rage
 h - 2 potions of brilliance
 i - a potion of invisibility
 j - 4 potions of resistance
 l - 5 potions of might
 F - 8 potions of magic
 L - 2 potions of mutation {unknown}
Miscellaneous
 s - a box of beasts


   Skills:
 + Level 7.2 Fighting
 * Level 8.2 Dodging
 - Level 2.1 Stealth
 + Level 7.3 Shields
 * Level 9.6 Spellcasting
 * Level 11.8 Conjurations
 - Level 0.7 Transmutations
 * Level 12.6 Earth Magic


You had 19 spell levels left.
You knew the following spells:

 Your Spells              Type           Power      Damage    Failure   Level
a - Sandblast             Erth           100%       2d20      1%          1
b - Stone Arrow           Conj/Erth      100%       3d13      1%          3
c - Fulminant Prism       Conj/Hex       29%        3d14      1%          4

Your spell library contained the following spells:

 Spells                   Type           Power      Damage    Failure   Level
 Iskenderun's Mystic Bla  Conj/Tloc      59%        2d12      1%          4
 Kiss of Death            Conj/Necr      100%       2d13      1%          1
 Passwall                 Tmut/Erth      51%        N/A       1%          2
 Leda's Liquefaction      Hex/Erth       30%        N/A       4%          4
 Petrify                  Tmut/Erth      62%        N/A       4%          4
 Summon Small Mammal      Summ           72%        N/A       6%          1
 Call Imp                 Summ           36%        N/A       10%         2
 Call Canine Familiar     Summ           18%        N/A       19%         3
 Portal Projectile        Hex/Tloc       36%        N/A       19%         3
 Summon Guardian Golem    Hex/Summ       18%        N/A       19%         3
 Summon Forest            Summ/Tloc      9%         N/A       87%         5
 Eringya's Noxious Bog    Tmut/Pois      10%        N/A       87%         6
 Malign Gateway           Summ/Tloc      9%         N/A       100%        7
 Summon Hydra             Summ           9%         N/A       100%        7
 Necromutation            Tmut/Necr      10%        N/A       100%        8


Dungeon Overview and Level Annotations

Branches:
Dungeon (1/1)

Altars:
Ashenzari
Cheibriados
Dithmenos
Elyvilon
Fedhas
Gozag
Hepliaklqana
Kikubaaqudgha
Makhleb
Nemelex Xobeh
Okawaru
Qazlal
Ru
Sif Muna
Trog
Uskayaw
Vehumet
Wu Jian
Xom
Yredelemnul
Zin
The Shining One
Jiyva
Lugonu


Innate Abilities, Weirdness & Mutations

You are immune to sickness and miasma.
Your stone body is resilient. (AC +6)
You are immune to poison.
You resist negative energy. (rN+)
You are resistant to electric shocks. (rElec)
You are resistant to unholy torment.
You are immune to petrification.


Message History

You feel your power returning.
The cyclops throws a large rock.
The large rock hits you! The ogre closely misses you.
Your fulminant prism explodes!
The blast of energy engulfs the ogre!!
You feel better.
The ogre is severely wounded.
Your Fighting skill increases to level 7!
Your Dodging skill increases to level 8!
Your Shields skill increases to level 7!
Aiming: Stone Arrow (safe; 1% risk of failure)
Press: ? - help, Q - select action, (/) - cycle Shift-Dir - straight line, f - two-headed ogre
Aim: a two-headed ogre, wielding a +0 giant spiked club and a +0 giant club (89% to hit)
The stone arrow hits the two-headed ogre!
You feel better.
The two-headed ogre is moderately wounded.
The ogre hits you with a +0 giant club.
The two-headed ogre hits you with a +0 giant spiked club!!
You block the two-headed ogre's attack.
Unknown command.
Aiming: Stone Arrow (safe; 1% risk of failure)
Press: ? - help, Q - select action, (/) - cycle Shift-Dir - straight line, f/p - two-headed ogre
Aim: a two-headed ogre, wielding a +0 giant spiked club and a +0 giant club (moderately wounded, 89% to hit)
The stone arrow hits the two-headed ogre!!
You feel better.
The two-headed ogre is severely wounded.
The ogre hits you with a +0 giant spiked club!
The ogre closely misses you.
Unknown command.
Aiming: Stone Arrow (safe; 1% risk of failure)
Press: ? - help, Q - select action, (/) - cycle Shift-Dir - straight line, f/p - two-headed ogre
Aim: a two-headed ogre, wielding a +0 giant spiked club and a +0 giant club (severely wounded, 89% to hit)
The stone arrow hits the two-headed ogre!
You feel better.
The two-headed ogre is almost dead.
You block the two-headed ogre's attack.
The two-headed ogre hits you with a +0 giant club!
The ogre hits you with a +0 giant club!!
* * * LOW HITPOINT WARNING * * *
The ogre hits you with a +0 giant spiked club.
You die...

▓..8©8..▓
▓../=:):..▓..))...▓
▓...)/:...▓..)=...▓
▓.........▓..)....▓
▓.........▓.......▓
▓....C....▓.......▓
▓....O....▓...))..▓
▓.▓OOOO.▓.▓.▓.))▓.▓
▓...O@....▓...©...▓
▓▓▓▓▓▓▓▓▓▓▓▓▓▓▓▓▓▓▓


You could see a two-headed ogre, a cyclops and 5 ogres.

Vanquished Creatures
  A two-headed ogre (D)
  3 merfolk (D)
  A tarantella (D)
  Edmund (D)
  4 hell hounds (D)
  Duvessa (D)
  A water moccasin (D)
  3 centaurs (D)
  3 bullfrogs (D)
  2 scorpions (D)
  Dowan (D)
  Crazy Yiuf (D)
  2 iguanas (D)
  2 river rats (D)
  3 ball pythons (D)
  4 jackals (D)
  A ball python zombie (D)
  A quokka zombie (D)
35 creatures vanquished.

Vanquished Creatures (collateral kills)
  Blork the orc (D)
1 creature vanquished.

Vanquished Creatures (others)
  Sigmund (D)
  Jessica (D)
  A fulminant prism (D)
3 creatures vanquished.

Grand Total: 39 creatures vanquished

Notes
Turn   | Place    | Note
-------+----------+-------------------------------------------
     0 | D        | GreatBamboolord the Gargoyle Earth Elementalist began the
                  | quest for the Orb.
     0 | D        | Reached XP level 1. HP: 10/10 MP: 3/3
     0 | D        | Found a bloodstained altar of Trog.
     0 | D        | Found a shimmering blue altar of Sif Muna.
     0 | D        | Found a sacrificial altar of Ru.
     0 | D        | Found a stormy altar of Qazlal.
     0 | D        | Found an iron altar of Okawaru.
     2 | D        | Found a sparkling altar of Nemelex Xobeh.
     2 | D        | Found a blossoming altar of Fedhas.
     2 | D        | Found the +6 Majin-Bo {spellvamp, MP+6 Int+6}
     2 | D        | Found the +27 heavy crossbow "Sniper" {heavy, Acc+∞ SInv}
     2 | D        | Found the +10 dark maul {heavy}
     2 | D        | Found the +15 Maxwell's patent armour {-Cast -Tele rElec
                  | Will+ rCorr}
     2 | D        | Found the +18 shield of the Gong {Loud rN+ Will+ rCorr
                  | EV-5}
     2 | D        | Found the +16 obsidian axe {drain, demonic, Mesm Drain Fly
                  | SInv}
     2 | D        | Found the +7 great mace "Firestarter" {flame, immolate,
                  | rFlCloud rF++}
     2 | D        | Found the +6 shillelagh "Devastator" {shatter}
     2 | D        | Found the +11 plutonium sword {Contam Stlth-}
     2 | D        | Found the +8 lance "Wyrmbane" {slay drac, rPois rF+ rC+
                  | AC+3}
     2 | D        | Found the +9 sword of Zonguldrok {reap}
     2 | D        | Found the +13 scythe of Curses {drain, curses, Drain}
     2 | D        | Found the +9 sword of Power {lifebolt}
     2 | D        | Found the +7 mace of Variability {chaos, chaos arc}
     2 | D        | Found the +11 Singing Sword {sonic wave}
     2 | D        | Found the +8 storm bow {elec, penet}
     4 | D        | Found a transporter.
     4 | D        | Found an ancient bone altar of Kikubaaqudgha.
     4 | D        | Found a viscous altar of Jiyva.
     4 | D        | Found a corrupted altar of Lugonu.
     4 | D        | Found a hazy altar of Hepliaklqana.
     4 | D        | Found a burning altar of Makhleb.
     4 | D        | Found an opulent altar of Gozag.
    24 | D        | Became a worshipper of Vehumet
    56 | D        | Reached skill level 5 in Conjurations
    56 | D        | Reached skill level 5 in Earth Magic
    56 | D        | Reached XP level 2. HP: 15/15 MP: 3/6
   130 | D        | Entered arena 2.
   130 | D        | Found the +8 mithril axe "Arga" {speed, Will+}
   130 | D        | Noticed a bullfrog
   130 | D        | Found a transporter.
   132 | D        | Killed a bullfrog
   133 | D        | Reached skill level 1 in Fighting
   133 | D        | Reached skill level 1 in Shields
   133 | D        | Reached skill level 6 in Earth Magic
   133 | D        | Reached XP level 3. HP: 21/21 MP: 9/9
   133 | D        | Reached XP level 4. HP: 26/26 MP: 10/10
   185 | D        | Learned a level 3 spell: Stone Arrow
   187 | D        | Entered arena 3.
   187 | D        | Noticed a scorpion
   187 | D        | Noticed a tarantella
   187 | D        | Noticed a scorpion
   187 | D        | Found a transporter.
   189 | D        | Killed a tarantella
   189 | D        | Reached * piety under Vehumet
   189 | D        | Offered knowledge of Kiss of Death by Vehumet.
   190 | D        | Reached skill level 5 in Spellcasting
   190 | D        | Reached skill level 8 in Earth Magic
   190 | D        | Reached XP level 5. HP: 32/32 MP: 13/13
   190 | D        | Reached XP level 6. HP: 37/37 MP: 14/14
   284 | D        | Entered arena 4.
   284 | D        | Found a transporter.
   285 | D        | Reached ** piety under Vehumet
   289 | D        | Reached skill level 5 in Dodging
   289 | D        | Reached skill level 9 in Earth Magic
   289 | D        | Reached XP level 7. HP: 40/43 MP: 11/16
   298 | D        | Got Hecsam's Spellbook of Bringing Forth and Sciomancy
   410 | D        | Entered arena 5.
   410 | D        | Found a transporter.
   411 | D        | Offered knowledge of Magic Dart by Vehumet.
   412 | D        | Reached *** piety under Vehumet
   430 | D        | Entered arena 6.
   430 | D        | Found a transporter.
   432 | D        | Reached **** piety under Vehumet
   450 | D        | Got the staff of fire "Reysm" {rElec rF+ rC- rN++ rCorr}
   453 | D        | Got the staff of conjuration "Qauch" {rElec rCorr Stlth-}
   556 | D        | Entered arena 7.
   559 | D        | Offered knowledge of Frozen Ramparts by Vehumet.
   560 | D        | Reached skill level 5 in Fighting
   560 | D        | Reached skill level 5 in Shields
   560 | D        | Reached skill level 10 in Earth Magic
   561 | D        | Reached ***** piety under Vehumet
   564 | D        | Reached XP level 8. HP: 39/49 MP: 7/19
   574 | D        | Found a transporter.
   580 | D        | Got the ring "Ciyxase" {Fire Will- Str+4 Dex+4}
   692 | D        | Entered arena 8.
   692 | D        | Noticed a merfolk
   692 | D        | Noticed a merfolk
   692 | D        | Noticed a merfolk
   694 | D        | Reached skill level 10 in Conjurations
   697 | D        | Killed a merfolk
   698 | D        | Reached skill level 11 in Earth Magic
   701 | D        | Killed a merfolk
   701 | D        | Reached ****** piety under Vehumet
   704 | D        | Found a transporter.
   710 | D        | Killed a merfolk
   711 | D        | Reached XP level 9. HP: 34/56 MP: 4/21
   811 | D        | Entered arena 9.
   811 | D        | Noticed Sigmund
   811 | D        | Noticed Jessica
   811 | D        | Noticed Blork the orc
   811 | D        | Noticed Crazy Yiuf
   811 | D        | Noticed Dowan
   811 | D        | Noticed Duvessa
   811 | D        | Noticed Edmund
   818 | D        | Killed Duvessa
   818 | D        | Offered knowledge of Fulminant Prism by Vehumet.
   820 | D        | Killed Dowan
   823 | D        | Found a transporter.
   826 | D        | Killed Sigmund
   833 | D        | Killed Blork the orc
   834 | D        | Reached skill level 12 in Earth Magic
   850 | D        | Killed Jessica
   855 | D        | Killed Crazy Yiuf
   869 | D        | Killed Edmund
   951 | D        | Learned a level 4 spell: Fulminant Prism
   974 | D        | Entered arena 10.
   974 | D        | Noticed a cyclops
   974 | D        | Noticed a two-headed ogre
   974 | D        | Noticed a two-headed ogre
   979 | D        | Killed a two-headed ogre
   979 | D        | Offered knowledge of Iskenderun's Mystic Blast by Vehumet.
   982 | D        | Slain by an ogre

Illustrated notes

Levels and vault maps discovered:
D:        sprint_v [room_start, room_1, room_2, room_3, room_4, room_5, room_6,
          room_7, room_8, room_9, room_10, room_11, room_12, room_13, room_14,
          room_15, room_16, room_17, room_18, room_19, room_20, room_21,
          room_22, room_23, room_24, room_25, room_26, room_27]

Skill      XL: |  1  2  3  4  5  6  7  8  9 |
---------------+----------------------------+-----
Spellcasting   | 3 4 5 6 7 8 9 |  9.6
Conjurations   | 5 6 7 8 9 10 11 | 11.8
Earth Magic    | 5 6 8 9 10 11 12 | 12.6
Fighting       | 1 3 4 5 6 7 |  7.2
Dodging        | 2 4 5 6 7 8 |  8.2
Shields        | 1 3 4 5 6 7 |  7.3
Stealth        | |  2.1
Transmutations | |  0.7

Action                     |  1- 3 |  4- 6 |  7- 9 || total
---------------------------+-------+-------+-------++-------
  Melee: Lance             |       |       |    13 ||    13
         Unarmed           |       |       |    16 ||    16
   Cast: Sandblast         |     2 |     2 |       ||     4
         Stone Arrow       |       |     8 |    57 ||    65
         Fulminant Prism   |       |       |     1 ||     1
  Evoke: Box of beasts     |       |       |     1 ||     1
    Use: Potion            |     1 |       |     4 ||     5
         Scroll            |       |       |     1 ||     1
   Stab: Invisible         |       |       |     1 ||     1
 Armour: Robe              |       |     1 |    17 ||    18
  Dodge: Dodged            |       |     1 |    57 ||    58
  Block: Kite shield       |       |     1 |    50 ||    51
